 Dungeon Crawl Stone Soup version 0.30.1-4-g462c640d31 (webtiles) character file.

Game seed: 16012900550810076090

1547 mortz the Destroyer (level 8, -3/41 HPs)
             Began as a Deep Elf Conjurer on Sept 8, 2023.
             Slain by a slime creature (15 damage)
             ... on level 6 of the Dungeon on Sept 9, 2023.
             The game lasted 00:34:08 (7631 turns).

mortz the Destroyer (Deep Elf Conjurer)             Turns: 7631, Time: 00:34:09

Health: -3/41      AC:  4    Str:  6    XL:     8   Next: 57%
Magic:  22/22      EV: 11    Int: 24    God:
Gold:   258        SH:  5    Dex: 13    Spells: 15/23 levels left

rFire   . . .        E - +2 dagger (venom)
rCold   . . .        B - +2 buckler
rNeg    . . .        i - +0 leather armour
rPois   .            l - +0 helmet
rElec   .            (no cloak)
rCorr   .            (no gloves)
SInv    +            (no boots)
Will    .....        (no amulet)
Stlth   +++          k - ring of see invisible
HPRegen 0.26/turn    A - ring of flight
MPRegen 0.18/turn

%: no passive effects
@: flying
A: no striking features
a: no special abilities


You were on level 6 of the Dungeon.
You visited 1 branch of the dungeon, and saw 6 of its levels.
You also visited: Sewer.

You collected 300 gold pieces.
You spent 42 gold pieces at shops.

Inventory:

Hand Weapons
 r - a +0 long sword
 w - a +0 trident
 E - a +2 dagger of venom (weapon)
Missiles
 j - 23 poisoned darts
 v - 4 boomerangs
 y - 2 throwing nets
Armour
 a - a +0 robe
 i - a +0 leather armour (worn)
 l - a +0 helmet (worn)
 B - a +2 buckler (worn)
Jewellery
 d - an amulet of guardian spirit
 k - a ring of see invisible (left hand)
 A - a ring of flight (right hand)
Wands
 F - a wand of paralysis (11)
Scrolls
 b - 4 scrolls of teleportation
 c - 2 scrolls of magic mapping
 e - a scroll of enchant armour {unknown}
 f - a scroll of fog
 g - a scroll of enchant weapon {unknown}
 p - a scroll of poison {unknown}
 q - 3 scrolls of blinking
 x - a scroll of immolation {unknown}
Potions
 h - a potion of lignification {unknown}
 m - a potion of berserk rage {unknown}
 n - 6 potions of curing
 o - 2 potions of brilliance
 s - 3 potions of might
 t - 2 potions of heal wounds
 u - a potion of flight {unknown}
 z - a potion of degeneration {unknown}
 C - a potion of mutation {unknown}
 D - a potion of cancellation {unknown}


   Skills:
 - Level 0.2 Fighting
 - Level 0.6 Armour
 + Level 4.6 Dodging
 + Level 5.0 Stealth
 - Level 0.1 Unarmed Combat
 * Level 8.0 Spellcasting
 * Level 8.0 Conjurations
 * Level 4.8 Translocations


You had 15 spell levels left.
You knew the following spells:

 Your Spells              Type           Power      Damage    Failure   Level
a - Magic Dart            Conj           100%       1d8       1%          1
b - Searing Ray           Conj           96%        2d7       1%          2
c - Teleport Other        Tloc           32%        N/A       8%          3
d - Blink                 Tloc           64%        N/A       3%          2

Your spell library contained the following spells:

 Spells                   Type           Power      Damage    Failure   Level
 Momentum Strike          Conj/Tloc      80%        3d10      1%          2
 Lesser Beckoning         Tloc           64%        N/A       3%          2
 Gell's Gravitas          Tloc           32%        N/A       8%          3
 Dazzling Flash           Conj/Hex       56%        N/A       11%         3
 Iskenderun's Mystic Bla  Conj/Tloc      40%        2d9       13%         4
 Flame Wave               Conj/Fire      28%        2d9       34%         4
 Fulminant Prism          Conj/Hex       14%        3d9       34%         4
 Sticky Flame             Conj/Fire      28%        2d5       34%         4
 Inner Flame              Hex/Fire       9%         N/A       47%         3


Dungeon Overview and Level Annotations

Branches:
Dungeon (6/15)              Sewer (visited)
 Temple: D:4-7

Altars:
Ashenzari
Cheibriados
Fedhas
Uskayaw
Wu Jian

Shops:
D:2 *

Annotations:
D:4 2 transporters, ShadowTiger's ghost, amateur GnWn


Message History

The slime creature is moderately wounded.
The jelly barely misses you.
The searing ray hits the jelly!
You kill the jelly!
The searing ray misses the slime creature.
The searing ray hits the slime creature!
The slime creature is moderately wounded.
You finish channelling your searing ray.
The slime creature quivers.
The slime creature hits you!
The slime creature attacks as you move away!
The slime creature hits you.
You see here a +0 dagger.
There is an open door here.
The slime creature attacks as you move away!
The slime creature hits you!
The slime creature attacks as you move away!
The slime creature hits you!
* * * LOW HITPOINT WARNING * * *
There is an open gate here.
The slime creature attacks as you move away!
The slime creature closely misses you.
You feel much better. The slime creature closely misses you.
The slime creature attacks as you move away!
The slime creature hits you!
The slime creature attacks as you move away!
The slime creature barely misses you.
Things that are here:
a +0 whip; a +2 dagger of venom The slime creature attacks as you move away!
The slime creature hits you.
* * * LOW HITPOINT WARNING * * *
You see here a +0 club.
The slime creature attacks as you move away!
You block the slime creature's attack.
Things that are here:
a +0 short sword; a +0 dagger
There is a stone staircase leading up here.
The slime creature hits you!
You die...

..##.......###### ##....###......
####.......##...###.............#
# #.......####.............#####
# #....J..##....####.####### #
##.....#####.## #.# # ##...##
#...# #.# # ##'''## ##### #.# #
#...J.###########.# #
###....##.)J@.....# #
####.##)######..# #..#.# #..#
##...######..####### #
#.................##### #
##..######..#.........# #
#............###.###.# ##
#.######..>..# #.###.# .# #.#
##..(.# #......


You could see a slime creature.

Vanquished Creatures
  3 ogres
  A centaur (D:6)
  3 kobold brigands (D:6)
  A bullfrog (Sewer)
  2 scorpions (D:5)
  A howler monkey (D:6)
  3 hounds
  5 jellies (D:6)
  An orc priest (D:3)
  3 sleepcaps (D:6)
  2 iguanas
  An orc wizard (D:6)
  Natasha (twice) (D:2)
  8 gnolls
  8 adders
  2 white imps (D:6)
  An ufetubus (D:5)
  3 worms
  2 dart slugs
  13 orcs
  17 endoplasms
  12 giant cockroaches
  4 goblins
  6 hobgoblins
  9 jackals
  11 quokkas
  8 ball pythons
  4 bats
  9 frilled lizards
  7 kobolds
  8 rats
160 creatures vanquished.

Notes
Turn   | Place    | Note
-------+----------+-------------------------------------------
     0 | D:1      | mortz the Deep Elf Conjurer began the quest for the Orb.
     0 | D:1      | Reached XP level 1. HP: 10/10 MP: 6/6
   129 | D:1      | Reached XP level 2. HP: 3/15 MP: 0/8
   267 | D:1      | You fall into a shaft and drop 1 floor!
   467 | D:2      | Reached skill level 5 in Conjurations
   619 | D:1      | Found a faded altar of an unknown god.
   700 | D:1      | Learned a level 2 spell: Searing Ray
   748 | D:1      | Reached XP level 3. HP: 19/19 MP: 6/9
  1516 | D:2      | Found Nyinih's General Store.
  1647 | D:2      | Noticed Natasha
  1652 | D:2      | Killed Natasha
  1653 | D:2      | Reached XP level 4. HP: 20/24 MP: 6/11
  1838 | D:2      | Noticed Natasha
  1841 | D:2      | Killed Natasha
  1887 | D:2      | Bought a scroll of teleportation for 42 gold pieces
  2436 | D:3      | Reached XP level 5. HP: 28/28 MP: 7/13
  2523 | D:3      | Found a broken altar of Ashenzari.
  2684 | D:3      | Reached skill level 5 in Spellcasting
  3559 | D:4      | Noticed an ogre
  3559 | D:4      | Noticed an ogre
  3560 | D:4      | Noticed ShadowTiger's ghost (amateur GnWn)
  3562 | D:4      | Identified the +9 dire flail of the Slimy God {protect, rC+
                  | Str+4 Stlth+}
  3562 | D:4      | Noticed an ogre
  3563 | D:4      | Found a transporter.
  3831 | D:4      | Found a transporter.
  3950 | D:4      | Found Laci Yts's Magic Scroll Shop.
  3995 | D:5      | Entered Level 5 of the Dungeon
  4013 | D:5      | Reached XP level 6. HP: 24/32 MP: 8/16
  4036 | D:5      | Reached skill level 1 in Translocations
  4099 | D:5      | Found a blossoming altar of Fedhas.
  4139 | D:5      | Found a glowing drain.
  4223 | Sewer    | Entered a sewer
  4938 | D:5      | Found a hide-covered altar of Uskayaw.
  5100 | D:5      | Found an ornate altar of the Wu Jian Council.
  5285 | D:5      | Reached XP level 7. HP: 33/36 MP: 13/18
  6305 | D:6      | Learned a level 3 spell: Teleport Other
  6308 | D:6      | Learned a level 2 spell: Blink
  6479 | D:6      | Reached XP level 8. HP: 29/41 MP: 13/20
  6932 | D:6      | Found a snail-covered altar of Cheibriados.
  7486 | D:6      | Noticed a slime creature
  7567 | D:6      | Reached skill level 5 in Stealth
  7597 | D:6      | Noticed a slime creature
  7631 | D:6      | Slain by a slime creature

Illustrated notes

Levels and vault maps discovered:
D:1:      shiori_arrival_elements, layout_loops_corners,
          hellmonk_ecumenical_altar_arch_garden
D:2:      layout_loops_ring, serial_shops, shop, grunt_ministairs_4,
          uniq_natasha
D:3:      layout_loops_ring, pf_just_have_faith
D:4:      layout_basic, serial_shops, kennysheep_little_box,
          gammafunk_ghost_smash
D:5:      layout_basic, nzn_wu_jian_contemplation,
          mainiacjoe_overflow_small_starburst, lemuel_crystal_altar,
          cheibrodos_sewer_entry_bend
D:6:      cheibrodos_fertilizer, layout_loops_corners,
          mainiacjoe_overflow_cross_hatched, st_stairs_13

Skill      XL: |  1  2  3  4  5  6  7  8 |
---------------+-------------------------+-----
Conjurations   | 5 6 7 8 |  8.0
Spellcasting   | 4 5 6 7 8 |  8.0
Stealth        | 3 4 5 |  5.0
Dodging        | 3 4 |  4.6
Translocations | 2 3 4 |  4.8
Fighting       | |  0.2
Armour         | |  0.6
Unarmed Combat | |  0.1

Action                     |  1- 3 |  4- 6 |  7- 9 || total
---------------------------+-------+-------+-------++-------
  Melee: Unarmed           |    13 |       |       ||    13
   Cast: Magic Dart        |    66 |   134 |    61 ||   261
         Searing Ray       |     1 |    26 |    25 ||    52
    Use: Potion            |     1 |       |     2 ||     3
         Scroll            |     1 |     3 |     2 ||     6
 Armour: Robe              |     8 |       |       ||     8
         Leather armour    |       |     7 |     1 ||     8
  Dodge: Dodged            |    16 |    13 |    14 ||    43
  Block: Buckler           |       |    12 |     7 ||    19
